 Dungeon Crawl Stone Soup version 0.32-a0-711-g016ad743e0 (webtiles) character file.

Game seed: 346746072862799291

150683 BubbleThief the Spry (level 16, -14/87 HPs)
             Began as a Spriggan Hexslinger on Mar 15, 2024.
             Was an Initiate of Gozag.
             Killed from afar by Bai Suzhen (52 damage)
             ... with a torrent of water
             ... on level 3 of the Spider Nest.
             The game lasted 01:11:31 (29641 turns).

BubbleThief the Spry (Spriggan Hexslinger)         Turns: 29641, Time: 01:11:31

Health: -14/87     AC:  6    Str:  6    XL:     16   Next: 99%
Magic:  28/37      EV: 58    Int: 15    God:    Gozag
Gold:   4528       SH:  0    Dex: 30    Spells: 30/47 levels left

rFire   . . .        x - +4 orcbow (elec)
rCold   + . .        (shield currently unavailable)
rNeg    + . .        w - +2 robe {Will+}
rPois   +            (helmet restricted)
rElec   .            l - +1 cloak
rCorr   .            (gloves unavailable)
SInv    +            (boots unavailable)
Will    ++++.        y - amulet of Coss {Acrobat rC+ Dex+3 Slay+2}
Stlth   ++           P - ring "Xasyust" {Will+ Str+2 Dex+2}
HPRegen 0.34/turn    M - ring "Mely" {rPois rN+}
MPRegen 0.25/turn

%: acrobat
@: acrobatic, very quick
A: very small, no large weapons, unfitting armour, see invisible, speed 3
a: Renounce Religion, Potion Petition, Call Merchant, Bribe Branch


You were on level 3 of the Spider Nest.
You worshipped Gozag.
Gozag was most pleased with you.
You visited 4 branches of the dungeon, and saw 26 of its levels.
You also visited: Sewer and Ice Cave.

You collected 10390 gold pieces.
You spent 1801 gold pieces at shops.
You paid 4061 gold pieces to Gozag.

Inventory:

Hand Weapons
 x - a +4 orcbow of electrocution (weapon)
 H - a +1 orcbow of freezing
Missiles
 C - 6 throwing nets
Armour
 l - a +1 cloak (worn)
 w - a +2 robe of willpower (worn)
 N - the +0 robe "Zeti Lusu" {Regen+ MP+9 Int+2 Dex+2}
   (You bought it in a shop on level 2 of the Orcish Mines)

   Int+2:     It affects your intelligence (+2).
   Dex+2:     It affects your dexterity (+2).
   MP+9:      It affects your magic capacity (+9).
   Regen+:    It increases your rate of health regeneration.
Jewellery
 g - the amulet "Tyarpheqi" {Faith Will+ Regen+ Stlth+}
   (You found it in an ice cave)

   [amulet of faith]

   Faith:     It allows you to gain divine favour quickly.
   Will+:     It increases your willpower.
   Regen+:    It increases your rate of health regeneration.
   Stlth+:    It makes you more stealthy.
 y - the amulet of Coss (around neck) {Acrobat rC+ Dex+3 Slay+2}
   (You bought it in a shop on level 2 of the Orcish Mines)

   [amulet of the acrobat]

   Acrobat:   It increases your evasion while moving and waiting.
   Dex+3:     It affects your dexterity (+3).
   Slay+2:    It affects your accuracy & damage with ranged weapons and melee
   (+2).
   rC+:       It protects you from cold.
 M - the ring "Mely" (right hand) {rPois rN+}
   (You bought it in a shop on level 2 of the Orcish Mines)

   [ring of poison resistance]

   rPois:     It protects you from poison.
   rN+:       It protects you from negative energy.
 P - the ring "Xasyust" (left hand) {Will+ Str+2 Dex+2}
   (You bought it in a shop on level 2 of the Orcish Mines)

   [ring of willpower]

   Str+2:     It affects your strength (+2).
   Dex+2:     It affects your dexterity (+2).
   Will+:     It increases your willpower.
Wands
 a - a wand of charming (6)
 h - a wand of quicksilver (21)
 j - a wand of flame (44)
 D - a wand of mindburst (13)
 G - a wand of polymorph (13)
Scrolls
 b - 5 scrolls of enchant armour
 d - a scroll of identify
 f - 2 scrolls of immolation
 k - 2 scrolls of silence
 m - 4 scrolls of brand weapon
 n - a scroll of revelation
 t - 8 scrolls of teleportation
 v - 6 scrolls of amnesia
 z - 3 scrolls of fear
 E - 5 scrolls of blinking
 K - 3 scrolls of enchant weapon
 L - 4 scrolls of poison
 Q - a scroll of vulnerability
Potions
 c - 2 potions of enlightenment
 e - 5 potions of brilliance
 i - 11 potions of curing
 o - 2 potions of might
 p - 7 potions of heal wounds
 q - 2 potions of magic
 r - 4 potions of mutation
 s - 4 potions of berserk rage
 A - a potion of cancellation
 B - 3 potions of haste
 F - 2 potions of attraction {unknown}
 I - 2 potions of resistance {unknown}
 J - 2 potions of lignification
 O - 2 potions of ambrosia {unknown}
 R - a potion of invisibility
Miscellaneous
 u - a tin of tremorstones (2/2)


   Skills:
 + Level 11.3 Fighting
 - Level 16.0 Ranged Weapons
 + Level 19.5 Dodging
 + Level 16.4 Spellcasting
 + Level 18.3 Hexes
 - Level 0.7 Fire Magic


You had 30 spell levels left.
You knew the following spells:

 Your Spells              Type           Power      Damage    Failure   Level
a - Jinxbite              Hex            100%       N/A       0%          2
b - Sigil of Binding      Hex            61%        N/A       0%          3
c - Cause Fear            Hex            30%        N/A       1%          4
d - Summon Mana Viper     Hex/Summ       39%        N/A       3%          5
e - Tukima's Dance        Hex            61%        N/A       0%          3

Your spell library contained the following spells:

 Spells                   Type           Power      Damage    Failure   Level
 Ensorcelled Hibernation  Hex/Ice        78%        N/A       1%          2
 Dazzling Flash           Conj/Hex       78%        N/A       1%          3
 Inner Flame              Hex/Fire       40%        N/A       1%          3
 Dimensional Bullseye     Hex/Tloc       19%        N/A       1%          4
 Metabolic Englaciation   Hex/Ice        19%        N/A       3%          5
 Yara's Violent Unravell  Hex/Alch       19%        3d9       3%          5
 Apportation              Tloc           24%        N/A       4%          1
 Summon Small Mammal      Summ           48%        N/A       4%          1
 Cigotuvi's Dreadful Rot  Necr/Alch/Air  24%        N/A       8%          2
 Lesser Beckoning         Tloc           24%        N/A       8%          2
 Searing Ray              Conj           24%        2d5       8%          2
 Static Discharge         Conj/Air       24%        3-4/arc   8%          2
 Volatile Blastmotes      Fire/Tloc      26%        2d12      13%         3
 Call Canine Familiar     Summ           12%        N/A       16%         3
 Gell's Gravitas          Tloc           12%        N/A       16%         3
 Passwall                 Erth           12%        N/A       16%         3
 Summon Ice Beast         Ice/Summ       12%        N/A       16%         3
 Swiftness                Air            12%        N/A       16%         3
 Teleport Other           Tloc           12%        N/A       16%         3
 Summon Blazeheart Golem  Fire/Summ      13%        N/A       41%         4
 Airstrike                Air            6%         2d(1-17)  45%         4
 Animate Armour           Summ/Erth      24%        N/A       45%         4
 Dispel Undead            Necr           12%        3d9       45%         4
 Fulminant Prism          Conj/Alch      6%         3d6       45%         4
 Iskenderun's Mystic Bla  Conj/Tloc      12%        2d5       45%         4
 Leda's Liquefaction      Alch/Erth      6%         N/A       45%         4
 Martyr's Knell           Necr/Summ      12%        N/A       45%         4
 Passage of Golubria      Tloc           12%        N/A       45%         4
 Petrify                  Alch/Erth      12%        N/A       45%         4
 Summon Lightning Spire   Summ/Air       12%        N/A       45%         4
 Fireball                 Conj/Fire      6%         3d5       77%         5
 Alistair's Intoxication  Alch           8%         N/A       80%         5
 Freezing Cloud           Conj/Ice/Air   6%         6-21      80%         5
 Irradiate                Conj/Alch      6%         3d13      80%         5
 Lee's Rapid Deconstruct  Erth           6%         3d6*      80%         5
 Dispersal                Tloc           6%         N/A       100%        6
 Starburst                Conj/Fire      6%         6d4       100%        6
 Monstrous Menagerie      Summ           6%         N/A       100%        7
 Ozocubu's Refrigeration  Ice            6%         4d8       100%        7
 Ignition                 Fire           7%         3d4       100%        8
 Maxwell's Capacitive Co  Air            6%         ∞         100%        8


Dungeon Overview and Level Annotations

Branches:
Dungeon (15/15)            Temple (0/1) D:6            Lair (5/5) D:11
 Shoals (0/4) Lair:3       Spider (4/4) Lair:2        Slime (0/5) Lair:4
    Orc (2/2) D:12            Elf (0/3) Orc:2        Vaults (0/5) D:14
 Depths (0/4) D:15          Sewer (visited)           IceCv (visited)

Altars:
Ashenzari
Fedhas
Gozag
Hepliaklqana
Kikubaaqudgha
Nemelex Xobeh
Qazlal
Ru
Sif Muna
Trog
Wu Jian
The Shining One
Jiyva

Shops:
D:4 [(:??   D:8 *   Orc:1 *   Orc:2 **([=   Lair:2 [   Spider:1 [   Spider:2 [

Annotations:
Lair:5 exclusion: obsidian statue
Spider:3 2 transporters, Bai Suzhen; ytrimaz's ghost, adept OpSh


Innate Abilities, Weirdness & Mutations

You are very small and have problems with some larger weapons.
You are too small for most types of armour.
You have supernaturally acute eyesight. (SInv)
You cover ground extremely quickly. (Speed+++)


Message History

Bai Suzhen roars!
Send 'em back where they came from!
Your mana viper disappears in a puff of smoke!
The four-headed hydra disappears in a puff of smoke!
The four-headed hydra disappears in a puff of smoke!
You shoot an arrow.
The arrow closely misses the jumping spider.
The jumping spider leaps!
You shoot an arrow. The arrow hits the jumping spider.
The jumping spider is lightly wounded.
The jumping spider leaps!
You shoot an arrow. The arrow hits Bai Suzhen!!
Bai Suzhen roars in fury and transforms into a fierce dragon!
Bai Suzhen is moderately wounded.
You feel your willpower return.
The jumping spider leaps!
You shoot an arrow.
The arrow hits Bai Suzhen but does no damage.
Bai Suzhen is moderately wounded.
Bai Suzhen breathes water at you. The torrent of water hits you!!!
Ouch! That really hurt!
You are knocked back by the torrent of water.
The wave splashes down.
Splash!
You fall into the shallow water.
Moving in this stuff is going to be slow.
Unknown command.
Bai Suzhen evades a web.
You shoot an arrow. The arrow hits the jumping spider.
The jumping spider is moderately wounded.
The jumping spider completely misses you.
The jumping spider misses you.
The jumping spider completely misses you.
The jumping spider bites you. Bai Suzhen breathes water at you.
The torrent of water hits you!!!
Ouch! That really hurt!
You die...
Your body crumbles into a pile of gold.

.......#................
......^^..............#
...#....^^.......#.^.#
...............^....#
#......#....#....>.##
..###............^##
..###^.......#...##
...##..#..........#
...#............@##
............^.s.##
#..#...#....§§§####
..........#.#D§...#
........§§§§§§§~#.##
#.......§)§.§§~~~..#
###.....#.§...~~~..##
##................#
####............##


You could see Bai Suzhen (clouds, catching breath) and a jumping spider.

Vanquished Creatures
  Arachne (Spider:3)
  Rupert (D:12)
  2 azure jellies (IceCv)
  A fire giant (D:12)
  2 ghost moths
  An orc warlord (Orc:1)
  3 dire elephants (Lair:5)
  Snorg (Orc:1)
  4 entropy weavers
  2 vault guards (D:14)
  Harold (Lair:1)
  9 hydras
  A catoblepas (D:12)
  9 centaur warriors
  2 radroaches (Spider:2)
  Erica (D:11)
  An ironbound frostheart (D:14)
  5 boulder beetles
  2 ogre magi
  8 two-headed ogres
  2 tengu warriors (D:14)
  5 demonic crawlers
  An occultist (D:15)
  A deep troll earth mage (D:12)
  4 orc high priests
  Sonja (D:12)
  2 skeletal warriors
  6 pharaoh ants
  3 spectral death yaks (Lair:5)
  A sun moth (Spider:3)
  A spectral anaconda (Lair:5)
  A flayed ghost (D:15)
  3 necromancers (Lair:5)
  A lindwurm (Lair:4)
  A steelbarb worm (Spider:3)
  A phantasmal warrior (D:12)
  2 orb spiders
  4 orc knights
  Pikel (D:6)
  4 deep elf pyromancers (D:12)
  3 orc sorcerers
  8 ugly things
  11 wolf spiders
  7 manticores
  9 elephants
  A moth of wrath (Spider:3)
  7 cyclopes
  8 meliai
  A dire elephant zombie (Lair:5)
  8 kobold blastminers
  3 torpor snails
  2 rust devils (D:11)
  A black mamba (shapeshifter) (D:14)
  21 slime creatures
  3 black mambas
  A meliai (shapeshifter) (D:14)
  An orange demon (D:11)
  2 gargoyles (D:12)
  2 smoke demons (D:11)
  An efreet (D:13)
  4 rime drakes
  An unseen horror (D:12)
  6 cane toads
  A dire elephant skeleton (Lair:5)
  11 komodo dragons
  A freezing wraith (D:15)
  2 ice devils (D:11)
  2 yaktaurs
  2 tengu conjurers (D:13)
  13 trolls
  2 hornets
  A hellwing (D:11)
  Grinder (D:6)
  A spectral elephant (Lair:5)
  13 tarantellas
  12 blink frogs
  A snapping turtle (Lair:3)
  10 dream sheep
  20 jumping spiders
  A centaur simulacrum (D:14)
  A water elemental (Lair:3)
  12 culicivoras
  A wraith (D:12)
  8 wyverns
  A human (D:14)
  46 yaks
  7 basilisks
  3 wargs
  14 steam dragons
  12 vampire mosquitoes
  A chaos spawn (D:11)
  33 redbacks
  A great orb of eyes simulacrum (IceCv)
  16 water moccasins
  25 orc warriors
  4 sky beasts
  5 black bears
  2 elephant zombies (Lair:5)
  3 laughing skulls
  A boggart (D:12)
  An ice beast (D:7)
  10 wolves
  13 centaurs
  11 ogres
  3 lemures (D:6)
  2 slime creature simulacra (IceCv)
  A phantom (D:6)
  2 kobold brigands
  Blork the orc (D:4)
  A gnoll sergeant (D:6)
  4 scorpions
  10 bullfrogs
  5 glowing shapeshifter simulacra (IceCv)
  3 cane toad simulacra (Lair:5)
  7 wights
  A hornet simulacrum (D:15)
  10 killer bees
  4 elephant simulacra
  2 howler monkeys
  4 bombardier beetles
  6 hounds
  4 jellies (Lair:4)
  15 orc priests
  3 gnoll boudas
  Jessica (D:3)
  2 sleepcaps (D:5)
  Terence (D:2)
  5 hell rats
  An iguana (D:6)
  18 orc wizards
  6 shapeshifter simulacra (IceCv)
  2 wolf simulacra (Lair:2)
  20 gnolls
  8 adders
  5 river rats
  2 shadow imps
  2 ufetubi (D:7)
  A ribbon worm (D:3)
  2 dart slugs
  46 orcs
  13 ball pythons
  10 endoplasms
  3 giant cockroaches
  2 goblins (D:1)
  9 hobgoblins
  4 jackals (D:5)
  14 kobolds
  3 quokkas
  7 bats
  5 frilled lizards
  10 rats
828 creatures vanquished.

Vanquished Creatures (collateral kills)
  A broodmother (Spider:2)
  2 deep troll earth magi
  An orb spider (Spider:2)
  A sun moth (Spider:1)
  A meliai (Spider:2)
  3 wolf spiders
  2 tarantellas
  A culicivora (Spider:2)
  A redback (Spider:1)
13 creatures vanquished.

Vanquished Creatures (others)
  A dancing weapon (Orc:1)
  A human (D:7)
2 creatures vanquished.

Grand Total: 843 creatures vanquished

Notes
Turn   | Place    | Note
-------+----------+-------------------------------------------
     0 | D:1      | BubbleThief the Spriggan Hexslinger began the quest for the
                  | Orb.
     0 | D:1      | Reached XP level 1. HP: 9/9 MP: 3/3
    96 | D:1      | Reached XP level 2. HP: 14/14 MP: 5/5
   454 | D:1      | Reached XP level 3. HP: 17/17 MP: 6/6
   606 | D:2      | Noticed Terence
   643 | D:1      | Learned a level 2 spell: Jinxbite
   671 | D:2      | Killed Terence
   814 | D:2      | Reached XP level 4. HP: 21/21 MP: 8/8
  1515 | D:3      | Found a faded altar of an unknown god.
  1574 | D:3      | Noticed Jessica
  1577 | D:3      | Killed Jessica
  1656 | D:3      | Found a blossoming altar of Fedhas.
  1839 | D:3      | Reached XP level 5. HP: 25/25 MP: 10/10
  1954 | D:3      | Found a glowing drain.
  1963 | Sewer    | Entered a sewer
  1993 | Sewer    | HP: 1/25 [river rat (5)]
  2039 | Sewer    | Learned a level 3 spell: Sigil of Binding
  2110 | Sewer    | Reached skill level 5 in Hexes
  2296 | D:4      | Found Rekoen's Antique Armour Emporium.
  2332 | D:4      | Noticed Blork the orc
  2338 | D:4      | Killed Blork the orc
  2339 | D:4      | Reached XP level 6. HP: 29/29 MP: 9/12
  2379 | D:4      | Reached skill level 5 in Ranged Weapons
  2473 | D:4      | Found Cooviuff's Magic Scroll Emporium.
  2475 | D:4      | Found Onopocac's Book Emporium.
  2480 | D:4      | Found Raphu's Magic Scroll Emporium.
  2485 | D:4      | Found Dishin's Weapon Emporium.
  2487 | D:4      | Bought a scroll of enchant weapon for 90 gold pieces
  2681 | D:4      | Reached XP level 7. HP: 32/32 MP: 14/14
  2907 | D:4      | Reached skill level 3 in Dodging
  3052 | D:5      | Entered Level 5 of the Dungeon
  3209 | D:5      | Reached skill level 4 in Dodging
  3351 | D:5      | Reached skill level 5 in Dodging
  3376 | D:5      | Found an opulent altar of Gozag.
  3377 | D:5      | Found a sparkling altar of Nemelex Xobeh.
  3378 | D:5      | Found a bloodstained altar of Trog.
  3383 | D:5      | Became a worshipper of Gozag Ym Sagoz the Greedy
  3648 | D:5      | Reached skill level 6 in Dodging
  3766 | D:5      | Reached XP level 8. HP: 37/37 MP: 15/15
  3898 | D:5      | Reached skill level 7 in Dodging
  4064 | D:6      | Reached skill level 8 in Dodging
  4190 | D:6      | Reached skill level 9 in Dodging
  4207 | D:6      | Reached skill level 10 in Dodging
  4225 | D:6      | Reached skill level 11 in Dodging
  4289 | D:6      | Reached XP level 9. HP: 33/40 MP: 10/16
  4329 | D:6      | Reached skill level 12 in Dodging
  4361 | D:6      | Noticed Pikel
  4423 | D:6      | Noticed Grinder
  4554 | D:6      | Killed Grinder
  4611 | D:6      | Reached skill level 13 in Dodging
  4671 | D:6      | Killed Pikel
  4672 | D:6      | Reached skill level 10 in Ranged Weapons
  4672 | D:6      | Reached skill level 14 in Dodging
  4801 | D:6      | Found a staircase to the Ecumenical Temple.
  5023 | D:6      | Found a hazy altar of Hepliaklqana.
  5443 | D:7      | Found an ancient bone altar of Kikubaaqudgha.
  5454 | D:7      | Reached skill level 15 in Dodging
  5783 | D:7      | Upgraded the game from 0.32-a0-705-g60f233581c to
                  | 0.32-a0-711-g016ad743e0
  5852 | D:8      | Found a glowing golden altar of the Shining One.
  5861 | D:8      | Reached XP level 10. HP: 44/44 MP: 14/17
  6032 | D:8      | Reached skill level 16 in Dodging
  6053 | D:8      | Found Cugiz's Gadget Gallery.
  6319 | D:8      | Noticed a two-headed ogre
  6351 | D:8      | Killed a two-headed ogre
  7068 | D:9      | Noticed a skeletal warrior
  7291 | D:9      | Noticed a skeletal warrior
  7292 | D:9      | Noticed a skeletal warrior
  7307 | D:10     | Entered Level 10 of the Dungeon
  7528 | D:10     | Noticed a gargoyle
  7589 | D:10     | Noticed a two-headed ogre
  7671 | D:10     | Killed a two-headed ogre
  7672 | D:10     | Reached XP level 11. HP: 54/54 MP: 15/18
  8299 | D:10     | Found a stormy altar of Qazlal.
  8368 | D:10     | Found a shimmering blue altar of Sif Muna.
  8368 | D:10     | Found a broken altar of Ashenzari.
  8368 | D:10     | Found a sacrificial altar of Ru.
  8380 | D:10     | Reached skill level 5 in Fighting
  8889 | D:11     | Found a staircase to the Lair.
  8904 | Lair:1   | Entered Level 1 of the Lair of Beasts
  9066 | Lair:1   | Learned a level 4 spell: Cause Fear
  9404 | Lair:1   | Noticed Harold
  9448 | Lair:1   | Killed Harold
 10322 | Lair:2   | Reached XP level 12. HP: 62/62 MP: 17/19
 10537 | Lair:2   | Found a frozen archway.
 10634 | IceCv    | Entered an ice cave
 11239 | IceCv    | Found a viscous altar of Jiyva.
 11239 | IceCv    | Noticed an azure jelly
 11317 | IceCv    | Killed an azure jelly
 11318 | IceCv    | Reached skill level 10 in Hexes
 11547 | IceCv    | Noticed an azure jelly
 11576 | IceCv    | Killed an azure jelly
 11577 | IceCv    | Reached skill level 5 in Spellcasting
 11642 | IceCv    | Identified the amulet "Tyarpheqi" {Faith Will+ Regen+
                  | Stlth+}
 11743 | Lair:2   | Found a hole to the Spider Nest.
 11796 | Lair:2   | You fall into a shaft and drop 1 floor!
 11810 | Lair:3   | Learned a level 5 spell: Summon Mana Viper
 12485 | Lair:3   | Reached skill level 17 in Dodging
 12580 | Lair:3   | Found a staircase to the Shoals.
 12592 | Lair:3   | Reached XP level 13. HP: 41/69 MP: 13/23
 13842 | Lair:4   | Reached skill level 15 in Ranged Weapons
 13896 | Lair:4   | Found a viscous altar of Jiyva.
 13896 | Lair:4   | Found a staircase to the Slime Pits.
 14647 | Lair:5   | Entered Level 5 of the Lair of Beasts
 15198 | Lair:5   | Noticed a dire elephant
 15198 | Lair:5   | Noticed a dire elephant
 15198 | Lair:5   | Noticed a dire elephant
 15426 | Lair:5   | Killed a dire elephant
 15443 | Lair:5   | Killed a dire elephant
 15667 | Lair:5   | Reached XP level 14. HP: 75/75 MP: 27/27
 16435 | Lair:5   | Identified the +0 long sword of Xaxip {flame, rC+ Str+3
                  | Int+3 SInv}
 16724 | Lair:2   | Identified a scroll of acquirement
 16724 | Lair:2   | Acquired 660 gold pieces
 16801 | Lair:2   | Reached skill level 18 in Dodging
 17335 | D:11     | Noticed Erica
 17347 | D:11     | Killed Erica
 17747 | D:12     | Noticed Rupert
 17905 | D:12     | Reached skill level 10 in Spellcasting
 17922 | D:12     | Learned a level 3 spell: Tukima's Dance
 18047 | D:12     | Found a staircase to the Orcish Mines.
 18085 | Orc:1    | Entered Level 1 of the Orcish Mines
 18110 | Orc:1    | Found Yblaggap's General Store.
 18120 | Orc:1    | Bought a scroll of teleportation for 36 gold pieces
 18401 | Orc:2    | Entered Level 2 of the Orcish Mines
 18495 | Orc:2    | Found Aqesm's Jewellery Shoppe.
 18511 | Orc:2    | Bought the ring "Mely" {rPois rN+} for 530 gold pieces
 18743 | Orc:2    | Noticed Snorg
 19000 | Orc:1    | Killed Snorg
 19219 | Orc:2    | Noticed an orc warlord
 19780 | Orc:1    | Killed an orc warlord
 20074 | Orc:2    | Found Ofeesk's Antique Weapon Shoppe.
 20109 | Orc:2    | Bought a runed arbalest for 247 gold pieces
 20125 | Orc:2    | Found Ybidor's Antique Armour Shoppe.
 20136 | Orc:2    | Bought a smoking robe for 171 gold pieces
 20136 | Orc:2    | Identified the +0 robe "Zeti Lusu" {Regen+ MP+9 Int+2
                  | Dex+2} (You bought it in a shop on level 2 of the Orcish
                  | Mines)
 20275 | Orc:2    | Found Nuesmuog's General Store.
 20283 | Orc:2    | Bought a scroll of blinking for 112 gold pieces
 20283 | Orc:2    | Bought a scroll of teleportation for 45 gold pieces
 20286 | Orc:2    | Found a staircase to the Elven Halls.
 20676 | Orc:2    | Bought a potion of mutation for 192 gold pieces
 20676 | Orc:2    | Bought a potion of curing for 72 gold pieces
 20676 | Orc:2    | Bought a scintillating ivory amulet for 120 gold pieces
 20676 | Orc:2    | Identified the amulet of Coss {Acrobat rC+ Dex+3 Slay+2}
                  | (You bought it in a shop on level 2 of the Orcish Mines)
 20676 | Orc:2    | Bought a scroll labelled EPROZE TELU for 24 gold pieces
 20676 | Orc:2    | Bought a fine lapis lazuli ring for 120 gold pieces
 20676 | Orc:2    | Identified the ring "Xasyust" {Will+ Str+2 Dex+2} (You
                  | bought it in a shop on level 2 of the Orcish Mines)
 20676 | Orc:2    | Bought a cyan potion for 21 gold pieces
 20676 | Orc:2    | Bought a silvery potion for 21 gold pieces
 20879 | D:12     | Reached XP level 15. HP: 79/79 MP: 24/32
 20883 | D:12     | Killed Rupert
 20884 | D:12     | Reached skill level 15 in Hexes
 20961 | D:12     | Noticed Sonja
 20966 | D:12     | Killed Sonja
 21315 | D:12     | Noticed a fire giant
 21328 | D:12     | Killed a fire giant
 21959 | D:12     | HP: 3/79 [deep troll earth mage/blast of rock fragments
                  | (44)]
 23540 | D:14     | Got the Spellbook of the Snowflakes and Bombardment
 23808 | D:14     | Found a gate to the Vaults.
 24001 | D:14     | Found a sacrificial altar of Ru.
 24142 | D:15     | Entered Level 15 of the Dungeon
 24158 | D:15     | Reached skill level 10 in Fighting
 24570 | D:15     | Reached XP level 16. HP: 85/85 MP: 35/35
 24972 | D:15     | Found an ornate altar of the Wu Jian Council.
 24981 | D:15     | Reached skill level 15 in Spellcasting
 25210 | D:15     | Found a staircase to the Depths.
 25910 | Spider:1 | Entered Level 1 of the Spider Nest
 27269 | Spider:2 | Reached skill level 19 in Dodging
 27997 | Spider:3 | Noticed Arachne
 28049 | Spider:3 | Killed Arachne
 28117 | Spider:3 | Found a transporter.
 28122 | Spider:3 | Noticed ytrimaz's ghost (adept OpSh)
 28137 | Spider:3 | Found a transporter.
 28150 | Spider:3 | Noticed Bai Suzhen
 29558 | Spider:4 | Entered Level 4 of the Spider Nest
 29641 | Spider:3 | Killed from afar by Bai Suzhen

Illustrated notes

Levels and vault maps discovered:
D:1:      co_arrival_random_square_maze, layout_basic
D:2:      layout_loops_ring, st_stairs_14, uniq_terence
D:3:      layout_basic, fedhas_altar_2, hellmonk_ecumenical_altar_blasted,
          lightli_sewer_entry_pipes, uniq_jessica
D:4:      layout_rooms, serial_shops, shop, minmay_shop_grid_forest,
          minmay_manual_monolith, uniq_blork_the_orc
D:5:      wad_lake_hut, layout_basic, gammafunk_temple_overflow_claw,
          nicolae_the_louvre
D:6:      layout_rooms, nicolae_hepliaklqana_hippocampus,
          minmay_temple_entry_tees, uniq_grinder, uniq_pikel
D:7:      layout_cave_pools, tgw_kikubaaqudgha, roderic_roman_lattice,
          hex_medium
D:8:      layout_basic, nicolae_tso_carved_into_rock, serial_park_tiny_2,
          nicolae_shop_gadgets
D:9:      layout_stronghold, nrook_mini_backslash, eino_curves_03,
          kennysheep_nub
D:10:     nicolae_cairo_tiling, layout_rooms, kennysheep_mini_moat,
          gammafunk_temple_overflow_forgotten
D:11:     layout_big_octagon, minmay_lair_entry_grove, serial_demonic,
          serial_demonic_b, serial_demonic_a, serial_demonic_e,
          serial_demonic_g, uniq_erica
D:12:     evilmike_diamond_1, layout_cave_pools, david_orc_2,
          kennysheep_four_rooms, uniq_rupert, uniq_sonja
D:13:     layout_rooms
D:14:     minmay_tri_box, layout_irregular_city, hellmonk_vaults_keyhole,
          nicolae_ru_the_path_less_chosen
D:15:     hellmonk_depths_entry_around_the_bend, layout_basic,
          pdpol_wu_jian_five_deadly_venoms
Lair:1:   layout_gridlike, grunt_megastairs_5, uniq_harold
Lair:2:   layout_long_grid, spider_nest_entry_a,
          portal_ice_cave_entry_ice_simulacra, chequers_serial_rivers_small_a,
          serial_bayou_pond_a, serial_bayou_shore_b
Lair:3:   layout_cave_pods, minmay_shoals_entry_hut, grunt_megastairs_2
Lair:4:   layout_roguey, nicolae_slime_entry_slimehenge,
          bobbens_dragon_lair_wall
Lair:5:   due_jungle_book, layout_cave_pods
Spider:1: layout_spider_delve, nicolae_spider_nooks_and_crannies
Spider:2: layout_spider_delve, nicolae_spider_eight_legs
Spider:3: layout_spider_delve, gammafunk_ghost_berserking_beasts,
          uniq_bai_suzhen, uniq_arachne
Spider:4: grunt_spider_rune_island
Orc:1:    layout_diamond_mine, serial_shops, shop
Orc:2:    grunt_orc_gardens, layout_caves, grunt_orc_garden, grunt_orc_garden,
          grunt_orc_garden, grunt_orc_garden, uniq_snorg

Skill      XL: |  1  2  3  4  5  6  7  8  9 10 11 12 13 14 15 16 |
---------------+-------------------------------------------------+-----
Ranged Weapons | 3 4 5 7 9 10 12 13 14 16 | 16.0
Spellcasting   | 2 3 4 6 8 12 14 16 | 16.4
Hexes          | 4 5 8 10 11 14 17 18 | 18.3
Dodging        | 6 11 15 16 17 18 19 | 19.5
Fighting       | 4 6 8 9 10 11 | 11.3
Fire Magic     | |  0.7

Action                     |  1- 3 |  4- 6 |  7- 9 | 10-12 | 13-15 | 16-18 || total
---------------------------+-------+-------+-------+-------+-------+-------++-------
   Fire: Sling             |    97 |   166 |   397 |  1178 |   107 |       ||  1945
         Orcbow            |       |       |       |       |  1339 |   615 ||  1954
   Cast: Jinxbite          |     1 |    12 |    44 |   135 |    95 |    24 ||   311
         Sigil of Binding  |       |       |     1 |    19 |     8 |       ||    28
         Cause Fear        |       |       |       |     4 |    15 |     7 ||    26
         Tukima's Dance    |       |       |       |       |     4 |       ||     4
         Summon Mana Viper |       |       |       |       |     2 |    40 ||    42
 Invoke: Call Merchant     |       |       |       |     1 |     1 |     2 ||     4
    Use: Scroll            |       |     4 |     3 |    10 |    12 |     2 ||    31
         Potion            |       |       |       |       |     1 |       ||     1
 Armour: Robe              |    11 |    20 |    44 |    75 |   150 |    48 ||   348
  Dodge: Dodged            |    19 |    66 |   166 |   519 |   633 |   344 ||  1747

Table legend: (Time is in decaauts)
 A = Elapsed time spent in this place.
 B = Non-inter-level travel time spent in this place.
 C = Inter-level travel time spent in this place.
 D = Time resting spent in this place.
 E = Time spent auto-exploring this place.
 F = Levels seen in this place.
 G = Mean time per level.
                   A        B        C        D        E       F      G
               +--------+--------+--------+--------+--------+-----+--------+
         Total |  22186 |  21462 |    724 |   1903 |  13484 |  28 |  792.4 |
       Dungeon |  10973 |  10567 |    406 |    229 |   7311 |  15 |  731.5 |
          Lair |   5186 |   4987 |    199 |    311 |   3297 |   5 | 1037.2 |
   Spider Nest |   2942 |   2879 |     63 |    563 |   1577 |   4 |  735.5 |
  Orcish Mines |   2062 |   2007 |     55 |    800 |    700 |   2 | 1031.0 |
         Sewer |    168 |    168 |      0 |      0 |     71 |   1 |  168.0 |
      Ice Cave |    852 |    852 |      0 |      0 |    526 |   1 |  852.0 |
               +--------+--------+--------+--------+--------+-----+--------+

Top non-repeatable levels by time:
   Orc:1: 1457 daAuts
Spider:2: 1418 daAuts
  Lair:3: 1384 daAuts
    D:12: 1383 daAuts
  Lair:5: 1335 daAuts
  Lair:1: 1088 daAuts
    D:15: 1063 daAuts
    D:14: 934 daAuts
   IceCv: 852 daAuts
    D:11: 842 daAuts
    D:10: 803 daAuts
Spider:1: 797 daAuts
     D:6: 771 daAuts
     D:9: 729 daAuts
Spider:3: 725 daAuts
